 Dungeon Crawl Stone Soup version 0.18.1-6-gd335043 (webtiles) character file.

832 seren the Magician (level 7, -2/38 HPs)
             Began as a Deep Elf Wizard on May 19, 2016.
             Was a Believer of Sif Muna.
             Shot with an arrow by a centaur (11 damage)
             ... on level 5 of the Dungeon on May 20, 2016.
             The game lasted 00:45:58 (6723 turns).

seren the Magician (Deep Elf Wizard)                Turns: 6723, Time: 00:45:59

Health: -2/38      AC:  2    Str:  4    XL:     7   Next: 65%
Magic:  11/20      EV: 13    Int: 25    God:    Sif Muna [**....]
Gold:   198        SH:  0    Dex: 13    Spells: 6 memorised, 8 levels left

rFire  . . .     SeeInvis .     m - +4 dagger
rCold  . . .     Gourm    .     a - +0 robe
rNeg   . . .     Faith    .     (no shield)
rPois  .         Spirit   .     b - +0 hat
rElec  .         Dismiss  .     (no cloak)
rCorr  .         Reflect  .     (no gloves)
SustAt .         Harm     .     (no boots)
MR     +....                    (no amulet)
Stlth  ++........               G - ring of wizardry
                                q - ring of protection from magic

@: repel missiles, somewhat resistant to hostile enchantments, unstealthy
A: no striking features
a: Channel Energy, Renounce Religion


You were on level 5 of the Dungeon.
You worshipped Sif Muna.
Sif Muna was pleased with you.
You were hungry.

You visited 1 branch of the dungeon, and saw 5 of its levels.

You collected 198 gold pieces.

Inventory:

Hand Weapons
 m - a +4 dagger (weapon)
 u - a +0 blowgun
Missiles
 v - 22 poisoned needles
 y - 5 tomahawks (quivered)
Armour
 a - a +0 robe (worn)
 b - a +0 hat (worn)
 z - a +3 leather armour
Jewellery
 q - a ring of protection from magic (left hand)
 t - an uncursed ring of resist corrosion
 G - a ring of wizardry (right hand)
Wands
 s - a wand of iceblast (8/15)
 E - a wand of iceblast (2/15)
Scrolls
 e - 2 scrolls of random uselessness
 f - 2 scrolls of remove curse
 i - 5 scrolls of identify
 l - 2 scrolls of blinking {unknown}
 p - 2 scrolls of magic mapping {unknown}
 x - a scroll of teleportation {unknown}
 B - a scroll of immolation {unknown}
 C - a scroll of fog {unknown}
 I - a scroll of amnesia {unknown}
Potions
 j - 3 potions of curing
 k - a potion of might
 n - 2 potions of cancellation
 o - a potion of brilliance {unknown}
 r - a potion of lignification {unknown}
 w - a potion of mutation {unknown}
 A - a potion of heal wounds {unknown}
 F - a potion of haste {unknown}
 H - a potion of invisibility {unknown}
Books
 c - a book of Minor Magic

   Spells                             Type                      Level
   a - Magic Dart                     Conjuration                  1
   b - Blink                          Translocation                2
   c - Call Imp                       Summoning                    2
   d - Repel Missiles                 Charms/Air                   2
   e - Slow                           Hexes                        2
   f - Conjure Flame                  Conjuration/Fire             3
   g - Mephitic Cloud                 Conjuration/Poison/Air       3
Comestibles
 d - 7 bread rations
 g - 2 beef jerkies
 h - 2 meat rations
 D - 2 slices of pizza


   Skills:
 + Level 1.2 Fighting
 + Level 3.2 Dodging
 - Level 2.4 Stealth
 + Level 7.6 Spellcasting
 + Level 4.7 Conjurations
 - Level 3.0 Charms
 + Level 2.9 Summonings
 - Level 2.0 Translocations
 + Level 3.5 Fire Magic


You had 8 spell levels left.
You knew the following spells:

 Your Spells              Type           Power        Failure   Level  Hunger
a - Magic Dart            Conj           ####         1%          1    None
b - Blink                 Tloc           N/A          2%          2    None
c - Mephitic Cloud        Conj/Pois/Air  ###.....     4%          3    None
f - Conjure Flame         Conj/Fire      ####....     1%          3    None
i - Call Imp              Summ           ###.....     1%          2    None
r - Repel Missiles        Chrm/Air       ###...       3%          2    None


Dungeon Overview and Level Annotations

Branches:
Dungeon (5/15)
 Temple: D:4-7

Altars:
Cheibriados
Dithmenos
Elyvilon
Gozag
Okawaru
Pakellas
Qazlal
Sif Muna

Shops:
D:4 *

Annotations:
D:3 exclusion: downstairs
D:5 phantom


Message History

Press: ? - help, Shift-Dir - straight line, f/p - centaur
Aim: a centaur The magic dart hits the centaur.
The centaur is moderately wounded.
The centaur hits you!
Casting: Magic Dart
Confirm with . or Enter, or press ? or * to list all spells.
Aiming: Magic Dart
Press: ? - help, Shift-Dir - straight line, f/p - centaur
Aim: a centaur (moderately wounded)
The magic dart hits the centaur.
The centaur is moderately wounded.
The centaur hits you. The centaur hits you!
* * * LOW HITPOINT WARNING * * *
Casting: Magic Dart
Confirm with . or Enter, or press ? or * to list all spells.
A beastly little devil appears in a puff of flame.
The centaur closely misses you.
The centaur wields a shortbow.
The centaur shoots an arrow.
The arrow hits you!
You die...

## #.. #.##.# #.#.# ## #..#####
#.# ##..((.# #.###..###.#
#.#.#.# #.# ######§##.###.#####
#.@.c..............
#5##..§..........## #.
#.#...####.##.#
########>##......###.##.#
#...W.......#...#.##.##.#
######.##.######.#...#.#.......
#......##.# #..###.....##.##
#.#######.# #.#...#.........
#.# #.# #.#._.#.#..##.##


You could see a centaur and a friendly crimson imp.

Vanquished Creatures
  A phantom (D:5)
  2 ogres (D:5)
  A centaur (D:5)
  A giant frog (D:3)
  A howler monkey (D:4)
  An orc priest (D:5)
  An orc wizard (D:5)
  2 worker ants
  A worker ant zombie (D:5)
  3 gnolls (D:4)
  4 adders
  A shadow imp (D:5)
  An ooze (D:4)
  An adder zombie (D:5)
  An adder skeleton (D:5)
  2 worms
  2 dart slugs (D:3)
  3 giant geckos
  17 orcs
  2 giant cockroaches
  7 goblins
  10 hobgoblins
  10 jackals
  15 kobolds
  5 quokkas
  A ball python (D:5)
  5 bats
  3 giant newts (D:2)
  2 quokka skeletons
  A quokka zombie (D:5)
  9 rats
116 creatures vanquished.

Vanquished Creatures (collateral kills)
  3 orc priests
  A gnoll shaman (D:4)
  An adder (D:4)
  A gnoll (D:4)
  4 orcs
  A jackal (D:4)
11 creatures vanquished.

Grand Total: 127 creatures vanquished

Notes
Turn   | Place    | Note
--------------------------------------------------------------
     0 | D:1      | seren the Deep Elf Wizard began the quest for the Orb.
     0 | D:1      | Reached XP level 1. HP: 10/10 MP: 7/7
   215 | D:1      | Reached XP level 2. HP: 15/15 MP: 6/9
   244 | D:1      | Learned a level 2 spell: Blink
   247 | D:1      | Learned a level 2 spell: Call Imp
   250 | D:1      | Learned a level 2 spell: Repel Missiles
   503 | D:1      | Reached skill level 5 in Spellcasting
  1176 | D:1      | Reached XP level 3. HP: 19/19 MP: 5/11
  1651 | D:2      | Found an iron altar of Okawaru.
  1710 | D:2      | Found a deep blue altar of Sif Muna.
  1713 | D:2      | Became a worshipper of Sif Muna the Loreminder
  1891 | D:2      | Found a snail-covered altar of Cheibriados.
  2157 | D:2      | Reached XP level 4. HP: 24/24 MP: 9/13
  2161 | D:2      | Reached skill level 1 in Charms
  2424 | D:2      | Learned a level 3 spell: Conjure Flame
  2428 | D:2      | Learned a level 3 spell: Mephitic Cloud
  2596 | D:3      | Found an iron altar of Okawaru.
  2598 | D:3      | Found a white marble altar of Elyvilon.
  2643 | D:3      | Found a stormy altar of Qazlal.
  2643 | D:3      | Found a shadowy altar of Dithmenos.
  2643 | D:3      | Noticed a giant frog
  2747 | D:3      | Killed a giant frog
  2747 | D:3      | Reached skill level 6 in Spellcasting
  2747 | D:3      | Reached XP level 5. HP: 17/28 MP: 4/15
  3798 | D:3      | Reached * piety under Sif Muna
  3927 | D:4      | Reached skill level 1 in Fire Magic
  4069 | D:4      | Reached XP level 6. HP: 32/32 MP: 7/17
  4445 | D:4      | Found an opulent altar of Gozag.
  4611 | D:4      | Found Gozag's Platinum Reserve.
  4811 | D:5      | Entered Level 5 of the Dungeon
  5008 | D:5      | Reached skill level 7 in Spellcasting
  5160 | D:5      | Reached XP level 7. HP: 36/36 MP: 9/19
  6099 | D:5      | Found an oddly glowing altar of Pakellas.
  6161 | D:5      | Reached skill level 1 in Fighting
  6252 | D:5      | Reached ** piety under Sif Muna
  6723 | D:5      | Shot with an arrow by a centaur

Skill      XL: |  1  2  3  4  5  6  7 |
---------------+----------------------+-----
Spellcasting   | 5 6 7 |  7.6
Conjurations   | 2 3 4 |  4.7
Charms         | 1 2 3 |  3.0
Summonings     | 2 |  2.9
Fire Magic     | 1 2 3 |  3.5
Translocations | 2 |  2.0
Fighting       | 1 |  1.2
Dodging        | 3 |  3.2
Stealth        | |  2.4

Action                   |  1- 3 |  4- 6 |  7- 9 || total
-------------------------+-------+-------+-------++-------
Melee: Dagger            |       |     4 |     5 ||     9
 Cast: Magic Dart        |    94 |   138 |    77 ||   309
       Blink             |     1 |     2 |       ||     3
       Call Imp          |       |    14 |    13 ||    27
       Repel Missiles    |       |     1 |       ||     1
       Conjure Flame     |       |     1 |     5 ||     6
       Mephitic Cloud    |       |       |     3 ||     3
  Use: Scroll            |     2 |     8 |     1 ||    11
  Eat: Chunk             |     4 |     7 |     1 ||    12
       Bread ration      |       |     1 |       ||     1
Armor: Robe              |     3 |     3 |       ||     6
Dodge: Dodged            |    11 |    29 |     8 ||    48
       Deflected         |       |     2 |     1 ||     3
